AoeStats
← | ArCas | Toruk Makto

Arena

505125258Analyzed
4v4 RM · 24d ago on Sep 7, 2026· 27m 39s· 8 players
Game mode
Random Map
Map size
Large (8 player)
Population
200
Speed
Normal
Resources
Standard
Victory
Conquest
Starting age
Dark Age
Ending age
Imperial Age
RankedLock teamsTeams togetherTeam positionsShared explorationLock speedFull tech treeHidden civsTurbo modeCheats
Victory
Defeat
🇦🇷 Poles · Argentina
1436
+10
🇦🇷 Italians · Argentina
1415
+11
🇦🇷 Japanese · Argentina
1241
+18
🇦🇷 Malay · Argentina
1233
+20
🇵🇪 Persians · Peru
1360
-17
🇦🇷 Malay · Argentina
1292
-14
🇨🇳 Mongols · China
1278
-14
🇹🇼 Japanese · Taiwan
1277
-14
ChrjstOfF
10:30 Feudal Age
14:14 Castle Age
12:16 Loom
13:56 Double-Bit Axe
23:28 Fletching
MedicenelMago
10:46 Feudal Age
14:55 Castle Age
13:04 Double-Bit Axe
13:52 Loom
13:52 Horse Collar
15:58 Fletching
PeloDeElite
9:48 Loom
11:34 Feudal Age
10:17 Loom
12:03 Feudal Age
16:32 Castle Age
16:12 Husbandry
17:56 Scale Barding Armor
20:24 Horse Collar
22:12 Forging
24:37 Iron Casting
KRON ツ
10:36 Feudal Age
15:15 Castle Age
13:39 Double-Bit Axe
13:50 Horse Collar
16:20 Bow Saw
16:28 Forging
19:24 Scale Barding Armor
20:06 Bloodlines
25:38 Chain Barding Armor
25:40 Gold Mining
26:53 Wheelbarrow
chr0rk
10:49 Feudal Age
12:19 Loom
15:39 Castle Age
13:46 Double-Bit Axe
15:35 Horse Collar
17:56 Forging
21:56 Scale Barding Armor
24:09 Bloodlines
24:28 Gold Mining
26:49 Iron Casting
26:17 Husbandry
| ArCas | Toruk Makto
11:36 Feudal Age
15:38 Castle Age
14:30 Double-Bit Axe
14:28 Horse Collar
14:38 Loom
27:16 Forging
等等等等
10:49 Feudal Age
11:54 Double-Bit Axe
14:30 Castle Age
13:26 Horse Collar
15:47 Bow Saw
22:06 Wheelbarrow
23:22 Loom
25:15 Hand Cart
Tree_Goldberg
7:39 Loom
10:41 Feudal Age
14:30 Castle Age
13:04 Double-Bit Axe
14:47 Horse Collar
22:44 Fortified Wall
24:22 Town Watch
Connection lost

Rejoining the realm…

Still unreachable

The connection could not be restored.

Session expired

The server has moved on; the page needs a fresh start.